 Dungeon Crawl Stone Soup version 0.20-a0-760-g49f5558 (webtiles) character file.

29 polly the Ducker (level 3, 0/27 HPs)
             Began as a Demonspawn Gladiator on Feb 25, 2017.
             Slain by a gnoll
             ... wielding a +0 spear
              (2 damage)
             ... on level 2 of the Dungeon.
             The game lasted 00:01:08 (768 turns).

polly the Ducker (Demonspawn Gladiator)              Turns: 768, Time: 00:01:09

Health: 0/27       AC:  4    Str: 15    XL:     3   Next: 1%
Magic:  3/3        EV: 13    Int:  9    God:
Gold:   71         SH:  0    Dex: 14    Spells: 2/2 levels left

rFire    . . .     SeeInvis .     - Unarmed
rCold    . . .     Gourm    .   b - +0 leather armour
rNeg     . . .     Faith    .   (no shield)
rPois    .         Spirit   .   c - +0 helmet
rElec    .         Reflect  .   (no cloak)
rCorr    .         Harm     .   (no gloves)
MR       .....                  (no boots)
Stlth    +.........             (no amulet)
Regen    0.1/turn               (no ring)
MPRegen  0.1/turn               (no ring)

@: no status effects
A: claws 1
a: no special abilities


You were on level 2 of the Dungeon.
You were not hungry.

You visited 1 branch of the dungeon, and saw 2 of its levels.

You collected 71 gold pieces.

Inventory:

Armour
 b - a +0 leather armour (worn)
 c - a +0 helmet (worn)
Scrolls
 a - a scroll of fog {unknown}
 e - 2 scrolls of amnesia {unknown}
Potions
 h - a potion of curing {unknown}
 i - a potion of agility {unknown}
 j - a potion of resistance {unknown}
 k - a potion of ambrosia
 l - a potion of heal wounds {unknown}
Comestibles
 f - 2 bread rations
 g - a royal jelly


   Skills:
 + Level 2.1 Fighting
   Level 2.8 Long Blades
 - Level 1.8 Throwing
 + Level 0.1 Armour
 + Level 3.2 Dodging
 * Level 1.0 Unarmed Combat


You had 2 spell levels left.
You didn't know any spells.

Dungeon Overview and Level Annotations

Branches:
Dungeon (2/15)

Altars:
Dithmenos
Wu Jian
Xom


Innate Abilities, Weirdness & Mutations

You have sharp fingernails.


Message History

The gnoll struggles against the net.
You scratch the gnoll but do no damage.
The gnoll is moderately wounded.
The gnoll struggles against the net.
You scratch the gnoll.
The gnoll is heavily wounded.
The gnoll struggles against the net.
You scratch the gnoll but do no damage.
The gnoll is heavily wounded.
The gnoll struggles against the net.
The net rips apart, and the gnoll comes free!
You scratch the gnoll.
The gnoll is heavily wounded.
The gnoll hits you with a spear.
* * * LOW HITPOINT WARNING * * *
You closely miss the gnoll.
The gnoll is heavily wounded.
The gnoll closely misses you.
The gnoll hits you from afar with a spear.
You die...

.# ###### #<# . .....
..... #..# #$#.# #..##
#.#.# # #...###)#.###.#.
#...............
#...##........#
#.#####.####.@......#
#.......####........#
#########.>.......g....#
..........#####.......##
########).# #.......#
#...# #..# .......(#
#...###..... .####..#.#
......#(....#< ....#
.............. ..###


You could see a gnoll.

Vanquished Creatures
  An adder (D:2)
  2 bats (D:1)
  6 goblins
  3 hobgoblins
  2 jackals (D:2)
  2 frilled lizards
  2 rats (D:2)
18 creatures vanquished.

Notes
Turn   | Place    | Note
-------+----------+-------------------------------------------
     0 | D:1      | polly the Demonspawn Gladiator began the quest for the Orb.
     0 | D:1      | Reached XP level 1. HP: 16/16 MP: 1/1
   159 | D:1      | You fall through a shaft!
   159 | D:2      | Found a shimmering altar of Xom.
   159 | D:2      | Found a shimmering altar of Xom.
   159 | D:2      | Found a shimmering altar of Xom.
   164 | D:2      | Reached skill level 3 in Dodging
   168 | D:2      | Gained mutation: You have sharp fingernails. [demonic ancestry]
   168 | D:2      | Reached XP level 2. HP: 19/22 MP: 2/2
   569 | D:2      | Found a shadowy altar of Dithmenos.
   652 | D:2      | Found an ornate altar of the Wu Jian Council.
   680 | D:2      | Reached skill level 1 in Unarmed Combat
   743 | D:2      | Reached XP level 3. HP: 23/27 MP: 3/3
   768 | D:2      | Slain by a gnoll

Vault maps used:
D:1:      dpeg_arrival_renting
D:2:      nicolae_overflow_crystal_walls, grunt_dithmenos_smoke_and_mirrors,
          eat_drink_and_be_merry_uskayaw, xom_redecorated

Skill      XL: |  1  2 |
---------------+-------+-----
Dodging        | 3 |  3.2
Unarmed Combat | 1 |  1.0
Fighting       | |  2.1
Long Blades    | |  2.8
Throwing       | |  1.8
Armour         | |  0.1

Action                   || total
-------------------------++-------
Melee: Long sword        ||     7
       Unarmed           ||    77
Throw: Throwing net      ||     3
  Use: Potion            ||     1
Armor: Leather armour    ||    21
Dodge: Dodged            ||    53
       Rpst.: Long sword ||     3
